 Dungeon Crawl Stone Soup version 0.31-a0-986-g5e6e4ef867 (webtiles) character file.

Game seed: 12646112419830352422

90 Danienth the Changeling (level 4, -9/48 HPs)
             Began as a Demonspawn Shapeshifter on Nov 9, 2023.
             Killed by divine providence
             ... invoked by an orc priest
              (13 damage)
             ... on level 3 of the Dungeon.
             The game lasted 00:08:50 (1990 turns).

Danienth the Changeling (Demonspawn Shapeshifter)   Turns: 1990, Time: 00:08:51

Health: -9/48      AC: 22    Str: 15    XL:     4   Next: 32%
Magic:  2/4        EV:  2    Int: 11    God:
Gold:   91         SH:  0    Dex: 14    Spells: 2/3 levels left

rFire   . . .        n - +4 falchion
rCold   . . .        (no shield)
rNeg    . . .        m - melded +1 ring mail
rPois   +            (helmet currently unavailable)
rElec   .            (cloak currently unavailable)
rCorr   .            (gloves currently unavailable)
SInv    .            l - melded +0 pair of boots
Will    .....        k - amulet of faith
Stlth   +            (no ring)
HPRegen 0.28/turn    (no ring)
MPRegen 0.09/turn

%: faith
@: tree-form
A: stationary, stasis, torment immunity, boosted hp, (hooves 1), demonic
guardian 1
a: no special abilities


You were on level 3 of the Dungeon.
You were a tree.
You visited 1 branch of the dungeon, and saw 3 of its levels.

You collected 91 gold pieces.

Inventory:

Hand Weapons
 j - a +1 dagger of electrocution
 n - a +4 falchion (weapon)
 r - a +3 dagger of freezing
Missiles
 s - 4 poisoned darts (quivered)
Armour
 a - a +0 animal skin
 l - a +0 pair of boots (melded)
 m - a +1 ring mail (melded)
Jewellery
 k - an amulet of faith (around neck)
Talismans
 c - a beast talisman (active)
 d - a flux talisman
Scrolls
 e - 2 scrolls of teleportation
 f - 5 scrolls of fear
 h - a scroll of enchant armour
 i - a scroll of blinking {unknown}
 o - a scroll of amnesia {unknown}
 p - a scroll of revelation {unknown}
 q - a scroll of noise {unknown}
Potions
 b - a potion of lignification


   Skills:
 - Level 1.4 Fighting
 + Level 1.1 Long Blades
 - Level 2.0 Dodging
 - Level 2.9 Unarmed Combat
 - Level 3.8 Shapeshifting


You had 2 spell levels left.
You knew the following spells:

 Your Spells              Type           Power      Damage    Failure   Level
a - Shock                 Conj/Air       0%         1d3       34%         1

Your spell library contained the following spells:

 Spells                   Type           Power      Damage    Failure   Level
 Swiftness                Air            0%         N/A       71%         3
 Airstrike                Air            0%         2d(0-16)  98%         4


Dungeon Overview and Level Annotations

Branches:
Dungeon (3/15)

Altars:

Shops:
D:1 (


Innate Abilities, Weirdness & Mutations

You are a tree.
Your roots penetrate the ground, keeping you stationary.
You cannot be teleported.
You are immune to unholy pain and torment.
Your maximum health is greatly increased.
Your equipment is partially melded.
((You have large cloven feet.))
A weak demonic guardian rushes to your aid.


Message History

Confirm with . or Enter, or press ? or * to list all spells.
Aiming: Shock (safe; 34% risk of failure)
Press: ? - help, Shift-Dir - straight line The zap misses the kobold. x2
Your demonic guardian avoids your attack.
Your white imp closely misses the kobold.
Hit: n) +4 falchion
Press: ? - help, Dir - move target, f - kobold
Aim: a kobold, wielding a +0 dagger and quivering stones (ally target, about 44% to evade your +4 falchion)
You hit the kobold.
The kobold is moderately wounded.
The kobold hits you but does no damage.
Your white imp barely misses the kobold.
The kobold hits you but does no damage.
Hit: n) +4 falchion
Press: ? - help, Dir - move target, f/p - kobold
Aim: a kobold, wielding a +0 dagger and quivering stones (moderately wounded, ally target, about 44% to evade your +4 falchion)
You barely miss the kobold.
The kobold is moderately wounded.
Your white imp barely misses the kobold.
The kobold hits you but does no damage.
The orc priest hits you but does no damage.
Your white imp completely misses the kobold.
Hit: n) +4 falchion
Press: ? - help, Dir - move target, f/p - kobold
Aim: a kobold, wielding a +0 dagger and quivering stones (moderately wounded, ally target, about 44% to evade your +4 falchion)
You hit the kobold.
You kill the kobold!
The orc priest hits you but does no damage.
Your white imp gestures at the orc priest.
The puff of frost hits the orc priest.
Hit: n) +4 falchion
Press: ? - help, Dir - move target, f - orc priest
Aim: an orc priest, wielding a +0 dagger and wearing a +0 ring mail (moderately wounded, ally target, about 34% to evade your +4 falchion)
You hit the orc priest.
The orc priest is severely wounded.
Your white imp disappears in a puff of smoke!
The orc priest mumbles some strange prayers to Beogh against you.
Beogh smites you!
You die...

########### #.........##
###### #........<..
###)...## #.........##
#.'§o...# ##.#.....##
#......#))♣..# #.+.....#
#.##.o.#####.####.#.....###
..o......................
o.oK.........####.#.....###
..o......###......#.....#
..##...# ######<#.....# ..
..## ###.....### #.....#..
#.....#.#


You could see an orc priest.

Vanquished Creatures
  3 adders (D:2)
  3 dart slugs
  3 orcs
  4 ball pythons
  3 bats
  An endoplasm (D:3)
  3 giant cockroaches
  A goblin (D:1)
  6 hobgoblins
  5 quokkas
  4 frilled lizards
  6 kobolds
  7 rats
49 creatures vanquished.

Vanquished Creatures (collateral kills)
  2 orcs (D:3)
2 creatures vanquished.

Grand Total: 51 creatures vanquished

Notes
Turn   | Place    | Note
-------+----------+-------------------------------------------
     0 | D:1      | Danienth the Demonspawn Shapeshifter began the quest for
                  | the Orb.
     0 | D:1      | Reached XP level 1. HP: 15/15 MP: 1/1
   109 | D:1      | Found Dizevusu's Antique Weapon Shoppe.
   214 | D:1      | Gained mutation: You have large cloven feet. [demonic
                  | ancestry]
   214 | D:1      | Reached XP level 2. HP: 21/21 MP: 2/2
   225 | D:1      | Reached skill level 3 in Shapeshifting
   731 | D:2      | Reached XP level 3. HP: 16/26 MP: 3/3
  1365 | D:2      | Gained mutation: A weak demonic guardian rushes to your
                  | aid. [demonic ancestry]
  1365 | D:2      | Reached XP level 4. HP: 32/32 MP: 4/4
  1750 | D:2      | Learned a level 1 spell: Shock
  1982 | D:3      | HP: 2/48 [orc/+0 trident (1)]
  1983 | D:3      | Reached skill level 1 in Long Blades
  1990 | D:3      | Killed from afar by an orc priest

Illustrated notes

Levels and vault maps discovered:
D:1:      dpeg_arrival_rhombus, layout_basic, serial_shops,
          nicolae_shop_advertising_works [nicolae_subvault_shop_adworks],
          serial_rivers, chequers_serial_rivers_micro_d,
          chequers_serial_rivers_room_b, chequers_serial_rivers_large_a,
          chequers_serial_rivers_micro_c, chequers_serial_rivers_small_b
D:2:      layout_basic, chequers_avenue, minivault_4
D:3:      layout_basic, uniq_jessica

Skill      XL: |  1  2  3  4 |
---------------+-------------+-----
Shapeshifting  | 3 |  3.8
Dodging        | 2 |  2.0
Long Blades    | 1 |  1.1
Fighting       | |  1.4
Unarmed Combat | |  2.9

Action                     |  1- 3 |  4- 6 || total
---------------------------+-------+-------++-------
  Melee: Unarmed           |    17 |       ||    17
         Dagger            |    39 |       ||    39
         Kick              |     8 |     4 ||    12
         Falchion          |    26 |    23 ||    49
  Throw: Dart              |       |     2 ||     2
   Cast: Shock             |       |     2 ||     2
Ability: Begin Untransform |     1 |       ||     1
    Use: Scroll            |       |     3 ||     3
         Potion            |       |     1 ||     1
   Stab: Sleeping          |     2 |       ||     2
 Armour: Animal skin       |    24 |       ||    24
         Ring mail         |     8 |    15 ||    23
         Skin              |       |     9 ||     9
  Dodge: Dodged            |    56 |    10 ||    66
   Form: Beast             |     1 |       ||     1

Table legend: (Time is in decaauts)
 A = Elapsed time spent in this place.
 B = Non-inter-level travel time spent in this place.
 C = Inter-level travel time spent in this place.
 D = Time resting spent in this place.
 E = Time spent auto-exploring this place.
 F = Levels seen in this place.
 G = Mean time per level.
                   A        B        C        D        E       F      G
               +--------+--------+--------+--------+--------+-----+--------+
         Total |   2011 |   1866 |    145 |    263 |   1256 |   3 |  670.3 |
       Dungeon |   2011 |   1866 |    145 |    263 |   1256 |   3 |  670.3 |
               +--------+--------+--------+--------+--------+-----+--------+

Top non-repeatable levels by time:
     D:2: 1071 daAuts
     D:1: 715 daAuts
     D:3: 224 daAuts
